 Dungeon Crawl Stone Soup version 0.25.1-8-g42b30a86e7 (webtiles) character file.

Game seed: 12931833376106317538

102 Descartes the Gusty (level 4, -13/24 HPs)
             Began as a Deep Elf Air Elementalist on Dec 11, 2020.
             Killed from afar by an oklob plant (16 damage)
             ... with a splash of acid
             ... on level 2 of the Dungeon.
             The game lasted 00:05:26 (2521 turns).

Descartes the Gusty (Deep Elf Air Elementalist)     Turns: 2521, Time: 00:05:26

Health: -13/24     AC: -2    Str:  5    XL:     4   Next: 49%
Magic:  0/10       EV: 12    Int: 21    God:
Gold:   127        SH:  3    Dex: 15    Spells: 8/9 levels left

rFire    . . .     SeeInvis .   l - +0 dagger (vamp)
rCold    . . .     Gourm    .   q - +0 buckler
rNeg     . . .     Faith    .   a - +0 robe
rPois    .         Spirit   +   (no helmet)
rElec    .         Reflect  .   (no cloak)
rCorr    .         Harm     .   (no gloves)
MR       .....                  (no boots)
Stlth    ++........             j - amulet of guardian spirit
HPRegen  0.08/turn              (no ring)
MPRegen  0.12/turn              (no ring)

@: corroded
A: no striking features
a: no special abilities


You were on level 2 of the Dungeon.
You were hungry.

You visited 1 branch of the dungeon, and saw 2 of its levels.

You collected 127 gold pieces.

Inventory:

Hand Weapons
 i - a +0 dagger
 l - a +0 vampiric dagger (weapon)
Missiles
 b - 108 stones (quivered)
Armour
 a - a +0 robe (worn)
 q - a +0 buckler (worn)
Jewellery
 j - an amulet of guardian spirit (around neck)
Scrolls
 e - 3 scrolls of remove curse
 f - 2 scrolls of immolation {unknown}
 g - 3 scrolls of identify {unknown}
 k - 2 scrolls of fog
 n - 3 scrolls of blinking
Potions
 d - 3 potions of curing {unknown}
 h - 2 potions of brilliance {unknown}
 o - a potion of magic {unknown}
 p - a potion of degeneration {unknown}
Comestibles
 c - 6 rations


   Skills:
 - Level 2.4 Dodging
 - Level 2.4 Stealth
 - Level 3.0 Spellcasting
 + Level 3.4 Conjurations
 + Level 4.3 Air Magic


You had 8 spell levels left.
You knew the following spells:

 Your Spells              Type           Power        Failure   Level  Hunger
a - Shock                 Conj/Air       ###.         4%          1    None

Your spell library contained the following spells:

 Spells                   Type           Power        Failure   Level  Hunger
 Swiftness                Chrm/Air       ##......     14%         2    ##.....
 Static Discharge         Conj/Air       ###.....     14%         3    ###....
 Airstrike                Air            ###.......   36%         4    ####...
 Lightning Bolt           Conj/Air       ###.......   77%         5    ######.


Dungeon Overview and Level Annotations

Branches:
Dungeon (2/15)

Altars:
Fedhas

Annotations:
D:2 exclusion: oklob plant


Message History

Confirm with . or Enter, or press ? or * to list all spells.
Aiming: Shock (safe; 4% risk of failure)
Press: ? - help, Shift-Dir - straight line, f/p - oklob plant
Aim: an oklob plant (moderately damaged)
The zap hits the oklob plant but does no damage.
The oklob plant is moderately damaged.
The oklob plant spits acid at you. The splash of acid hits you!
The acid corrodes you!
You are splashed with acid!
* * * LOW HITPOINT WARNING * * *
Casting: Shock (safe; 4% risk of failure)
Confirm with . or Enter, or press ? or * to list all spells.
Aiming: Shock (safe; 4% risk of failure)
Press: ? - help, Shift-Dir - straight line, f/p - oklob plant
Aim: an oklob plant (moderately damaged)
The zap hits the oklob plant.
The oklob plant is moderately damaged.
The oklob plant spits acid at you. The splash of acid hits you!
Ouch! That really hurt!
You die... ##PP.PP.PP#P#PPPP.#♣

#.##.##.#
##PPPP#PPPPP#PPPP..P.#.##.##.####
.#P♣PPPPP.#P.P.PPP%.P#.##..#.##..
.#.PPPP........PPP.P.#.###.#.##.#
.#♣PP#..≈≈≈≈≈..♣♣P.♣.#.###.#.##.#
.#PPP..≈≈≈≈≈≈≈..P.PP.#.......##.#
.#PP..≈≈≈≈≈≈≈≈≈....PP#"###.####.#
.#PP.≈≈≈≈≈≈≈≈≈≈≈.P## #.#..># #.#
.###.≈≈≈≈...≈≈≈≈@PP♣.#.....# #.#
.....≈≈≈≈._......PPPP###...####.#
.###.≈≈≈≈...≈≈≈≈.P.#.# ##..##...#
.#PP.≈≈≈≈≈≈≈≈≈≈≈.♣P.P# #..##.###
##PP..≈≈≈≈≈≈≈≈≈..P♣P♣####..##.#
#.PP..≈≈≈≈≈≈≈..#♣##P#.....>..#
#PP.P..≈≈≈≈≈..P# P####..##.#
#♣♣PP........♣#PP# # #..##.#


#PPP#P#PP♣PP#P.P♣.PP #..##.# You could see an oklob plant.

Vanquished Creatures
  3 gnolls (D:2)
  2 adders (D:2)
  An ooze (D:1)
  A worm (D:2)
  4 dart slugs (D:2)
  A leopard gecko (D:1)
  6 bats
  2 giant cockroaches (D:2)
  2 goblins
  5 hobgoblins
  4 jackals (D:2)
  A quokka (D:2)
  2 kobolds (D:1)
  4 rats
  2 fungi (D:2)
  A plant (D:2)
41 creatures vanquished.

Notes
Turn   | Place    | Note
-------+----------+-------------------------------------------
     0 | D:1      | Descartes the Deep Elf Air Elementalist began the quest for
                  | the Orb.
     0 | D:1      | Reached XP level 1. HP: 10/10 MP: 6/6
   632 | D:1      | Reached XP level 2. HP: 15/15 MP: 0/8
  1022 | D:2      | Reached XP level 3. HP: 19/19 MP: 3/9
  1149 | D:2      | Reached skill level 4 in Air Magic
  1328 | D:2      | Reached XP level 4. HP: 24/24 MP: 8/10
  2124 | D:2      | Found a blossoming altar of Fedhas.
  2134 | D:2      | Noticed an oklob plant
  2521 | D:2      | Killed from afar by an oklob plant

Illustrated notes

Levels and vault maps discovered:
D:1:      erik_arrival_orb_chamber, layout_basic, minmay_ruptured
D:2:      layout_loops_ring, tgw_fedhas, first_ration, minmay_pentomino_pile

Skill      XL: |  1  2  3 |
---------------+----------+-----
Conjurations   | 2 3 |  3.4
Air Magic      | 4 |  4.3
Dodging        | |  2.4
Stealth        | |  2.4
Spellcasting   | |  3.0

Action                   |  1- 3 |  4- 6 || total
-------------------------+-------+-------++-------
 Cast: Shock             |    47 |    78 ||   125
  Use: Scroll            |     3 |       ||     3
  Eat: Chunk             |     1 |     3 ||     4
Armor: Robe              |       |     1 ||     1
Dodge: Dodged            |     3 |     4 ||     7
